 Dungeon Crawl Stone Soup version 0.28.0-53-g5a82cb258f (webtiles) character file.

Game seed: 8108138951457479922

155 thriggle the Chiller (level 5, 0/38 HPs)
             Began as a Barachi Ice Elementalist on June 10, 2022.
             Slain by a bullfrog (2 damage)
             ... on level 4 of the Dungeon.
             The game lasted 00:10:15 (3169 turns).

thriggle the Chiller (Barachi Ice Elementalist)     Turns: 3169, Time: 00:10:17

Health: 0/38       AC:  3    Str: 17    XL:     5   Next: 37%
Magic:  5/9        EV: 12    Int: 16    God:
Gold:   139        SH:  0    Dex: 12    Spells: 0/9 levels left

rFire   . . .      SeeInvis .   f - +2 dagger (venom)
rCold   . . .      Faith    .   (no shield)
rNeg    . . .      Spirit   .   h - +0 leather armour
rPois   .          Reflect  .   (no helmet)
rElec   .          Harm     .   (no cloak)
rCorr   .          Rampage  .   (no gloves)
Will    .....                   (no boots)
Stlth   ++........              (no amulet)
HPRegen 0.12/turn               e - +6 ring of strength
MPRegen 0.11/turn               (no ring)

@: freezing walls, slow
A: amphibious, slowness 1, strong legs 1, +LOS
a: Hop


You were on level 4 of the Dungeon.
You visited 1 branch of the dungeon, and saw 4 of its levels.

You collected 139 gold pieces.

Inventory:

Hand Weapons
 d - a +0 hand axe
 f - a +2 dagger of venom (weapon)
 n - a +0 hunting sling
Missiles
 c - 86 stones
 p - 4 poisoned darts (quivered)
Armour
 a - a +0 robe
 h - a +0 leather armour (worn)
Jewellery
 e - a +6 ring of strength (left hand)
Wands
 j - a wand of flame (7)
Scrolls
 b - a scroll of fear
 g - a scroll of brand weapon
 k - 2 scrolls of fog
Potions
 i - a potion of cancellation {unknown}
 l - a potion of brilliance {unknown}
 m - a potion of haste {unknown}
 o - a potion of degeneration {unknown}


   Skills:
 + Level 1.9 Fighting
 + Level 1.8 Short Blades
 + Level 1.3 Throwing
 + Level 0.0 Armour
 + Level 3.0 Dodging
 + Level 2.4 Stealth
 + Level 2.8 Spellcasting
 + Level 5.3 Ice Magic
 + Level 0.6 Evocations


You couldn't memorise any spells.
You knew the following spells:

 Your Spells              Type           Power      Damage    Failure   Level
a - Freeze                Ice            76%        1d9       2%          1
b - Ozocubu's Armour      Ice            19%        N/A       8%          3
c - Frozen Ramparts       Ice            38%        1d5       8%          3
d - Poisonous Vapours     Pois/Air       4%         N/A       34%         2

Your spell library contained the following spells:

 Spells                   Type           Power      Damage    Failure   Level
 Sting                    Tmut/Pois      8%         1d3       24%         1
 Hailstorm                Conj/Ice       10%        3d5       61%         4
 Olgreb's Toxic Radiance  Pois           2%         N/A       93%         4


Dungeon Overview and Level Annotations

Branches:
Dungeon (4/15)
 Temple: D:4-7

Altars:

Shops:
D:1 *   D:3 (

Annotations:
D:3 Sigmund


Innate Abilities, Weirdness & Mutations

You are amphibious.
You cover ground slowly.
You can hop short distances.
You have an extended range of vision and can be seen from far away.


Message History

You have reached level 5!
You start resting.
Magic restored.
This spell is dangerous to cast!
Memorise Poisonous Vapours, consuming 2 spell levels and leaving 0?
You start memorising the spell.
You continue memorising. x2
You finish memorising.
Spell assigned to 'd'.
You start resting.
A bullfrog is nearby!
Your icy armour starts to melt.
The bullfrog gives a loud, deep croak!
Your icy armour will break if you move.
Continue? [Y]es or [N]o only, please.
Your icy armour will break if you move.
Continue? [Y]es or [N]o only, please.
Your icy armour will break if you move.
Continue?
Your icy armour cracks and falls away as you move.
The bullfrog hits you. The bullfrog hits you.
* * * LOW HITPOINT WARNING * * *
The bullfrog hits you but does no damage.
Casting: Ozocubu's Armour (dangerous; 8% risk of failure)
Confirm with . or Enter, or press ? or * to list all spells.
Casting: Frozen Ramparts (dangerous; 8% risk of failure)
Press: ? - help, Dir - look around, f - activate The walls around you are covered in ice.
The wall freezes the bullfrog.
The bullfrog seems to slow down.
The bullfrog closely misses you.
The wall freezes the bullfrog.
The bullfrog seems to slow down.
The bullfrog hits you.
* * * LOW HITPOINT WARNING * * *
Casting: Frozen Ramparts (dangerous; 8% risk of failure)
Confirm with . or Enter, or press ? or * to list all spells.
Aiming: Freeze (safe; 2% risk of failure)
Press: ? - help, Shift-Dir - straight line, f - bullfrog
Aim: a bullfrog (heavily wounded, slow)
You freeze the bullfrog!
The bullfrog is severely wounded.
The bullfrog seems to slow down.
The wall freezes the bullfrog.
The bullfrog hits you.
You die...

#..#...#.......
#.<..#.........
#.†###.........
##.##..........
##............#
#.....#.###...# #########
###......## ..#
#.....#.###.........# ..
###.........F@........# g
.............####.....#
........<...............
.#...........##.........>
#...........# #........
#.......#.### .....#..
....##...#.# ...## ...
###.... #. ......


You could see a bullfrog (slow).

Vanquished Creatures
  A water moccasin skeleton (D:4)
  Jessica (D:2)
  2 adders
  3 orcs (D:3)
  9 bats
  4 endoplasms (D:2)
  A giant cockroach (D:1)
  5 goblins
  9 hobgoblins
  5 jackals (D:1)
  A quokka (D:4)
  2 ball pythons
  5 frilled lizards
  5 kobolds
  3 rats (D:1)
56 creatures vanquished.

Vanquished Creatures (others)
  3 plants (D:1)
3 creatures vanquished.

Grand Total: 59 creatures vanquished

Notes
Turn   | Place    | Note
-------+----------+-------------------------------------------
     0 | D:1      | thriggle the Barachi Ice Elementalist began the quest for
                  | the Orb.
     0 | D:1      | Reached XP level 1. HP: 13/13 MP: 3/3
   103 | D:1      | Found Qafoaf's Assorted Antiques.
   202 | D:1      | Reached XP level 2. HP: 17/20 MP: 3/5
   534 | D:1      | Found a faded altar of an unknown god.
   612 | D:1      | Reached skill level 5 in Ice Magic
   723 | D:1      | Reached XP level 3. HP: 13/25 MP: 4/6
   735 | D:1      | Learned a level 3 spell: Ozocubu's Armour
   763 | D:1      | Reached skill level 1 in Fighting
  1416 | D:2      | Noticed Jessica
  1423 | D:2      | Killed Jessica
  1424 | D:2      | Reached skill level 1 in Short Blades
  1424 | D:2      | Reached skill level 1 in Throwing
  1424 | D:2      | Reached XP level 4. HP: 20/32 MP: 0/7
  1428 | D:2      | Learned a level 3 spell: Frozen Ramparts
  2602 | D:3      | Found Taneimal's Weapon Boutique.
  2695 | D:3      | Noticed Sigmund
  3017 | D:4      | Noticed a bullfrog
  3132 | D:4      | Reached XP level 5. HP: 14/38 MP: 6/9
  3158 | D:4      | Learned a level 2 spell: Poisonous Vapours
  3169 | D:4      | Slain by a bullfrog

Illustrated notes

Levels and vault maps discovered:
D:1:      shiori_shiawase, layout_loops_ring, serial_shops,
          nicolae_shop_overgrown_old_shop, hellmonk_ecumenical_altar_run_dry
D:2:      layout_basic, uniq_jessica
D:3:      layout_loops_ring, serial_shops, nicolae_square_shop, uniq_sigmund
D:4:      layout_cave_pools, serial_shops, shop

Skill      XL: |  1  2  3  4 |
---------------+-------------+-----
Stealth        | 2 |  2.4
Ice Magic      | 5 |  5.3
Fighting       | 1 |  1.9
Short Blades   | 1 |  1.8
Throwing       | 1 |  1.3
Dodging        | 3 |  3.0
Spellcasting   | |  2.8
Evocations     | |  0.6

Action                   |  1- 3 |  4- 6 || total
-------------------------+-------+-------++-------
Melee: Hand axe          |     7 |       ||     7
       Dagger            |    40 |    44 ||    84
Throw: Stone             |    11 |       ||    11
       Dart              |       |     6 ||     6
 Cast: Freeze            |    18 |    11 ||    29
       Ozocubu's Armour  |     1 |     1 ||     2
       Frozen Ramparts   |       |     2 ||     2
  Use: Scroll            |       |     3 ||     3
 Stab: Sleeping          |     3 |       ||     3
Armor: Robe              |    17 |     7 ||    24
       Leather armour    |       |     2 ||     2
Dodge: Dodged            |    40 |    29 ||    69
